 Dungeon Crawl Stone Soup version 0.31-a0-875-g02e7d12df6 (webtiles) character file.

Game seed: 12420075032207332948

3151 Shayle the Ruffian (level 10, 0/77 HPs)
             Began as a Human Shapeshifter on Oct 12, 2023.
             Slain by a hornet (12 damage)
             ... on level 7 of the Dungeon.
             The game lasted 00:23:55 (8794 turns).

Shayle the Ruffian (Human Shapeshifter)             Turns: 8794, Time: 00:23:56

Health: 0/77       AC:  6    Str: 16    XL:     10   Next: 15%
Magic:  10/10      EV: 13    Int: 14    God:
Gold:   668        SH:  0    Dex: 12    Spells: 9/9 levels left

rFire   . . .        e - +4 rapier (venom)
rCold   . . .        v - orb {*Rage}
rNeg    . . .        r - +1 ring mail
rPois   .            (helmet currently unavailable)
rElec   .            (cloak currently unavailable)
rCorr   .            (gloves currently unavailable)
SInv    .            (boots currently unavailable)
Will    .....        (no amulet)
Stlth   +            (no ring)
HPRegen 0.32/turn    (no ring)
MPRegen 0.12/turn

%: random rage (20%)
@: lethally poisoned (0 -> -4), beast-form, slowed, very slow
A: beast (slay +3)
a: Begin Untransformation


You were on level 7 of the Dungeon.
You were a hulking beast.
You visited 2 branches of the dungeon, and saw 9 of its levels.
You also visited: Ossuary.

You collected 800 gold pieces.
You spent 132 gold pieces at shops.

Inventory:

Hand Weapons
 e - a +4 rapier of venom (weapon)
 z - a +4 quarterstaff of chaos
Armour
 a - a +0 animal skin
 r - a +1 ring mail (worn)
 v - an orb of wrath (worn)
 w - a +2 pair of gloves
 x - a +0 buckler
 A - a +1 cloak
Talismans
 c - a beast talisman (active)
 d - a flux talisman
Wands
 l - a wand of polymorph (8)
Scrolls
 b - a scroll of vulnerability
 g - a scroll of poison
 m - a scroll of revelation
 p - 4 scrolls of fear
 q - 3 scrolls of noise
 s - a scroll of teleportation {unknown}
 y - a scroll of amnesia
Potions
 f - a potion of berserk rage {unknown}
 h - 3 potions of haste
 i - a potion of resistance {unknown}
 k - a potion of brilliance {unknown}
 n - 2 potions of mutation
 o - 2 potions of attraction {unknown}
 t - 2 potions of invisibility {unknown}
 u - 2 potions of magic {unknown}


   Skills:
 + Level 6.8 Fighting
 + Level 7.0 Dodging
 + Level 7.4 Unarmed Combat
 + Level 6.9 Shapeshifting


You had 9 spell levels left.
You didn't know any spells.
Your spell library contained the following spells:

 Spells                   Type           Power      Damage    Failure   Level
 Foxfire                  Conj/Fire      0%         2x1d4     50%         1
 Wereblood                Tmut           0%         N/A       63%         2
 Gell's Gravitas          Tloc           0%         N/A       86%         3
 Teleport Other           Tloc           0%         N/A       86%         3
 Tukima's Dance           Hex            0%         N/A       86%         3
 Passage of Golubria      Tloc           0%         N/A       99%         4
 Irradiate                Conj/Tmut      0%         3d11      100%        5
 Iskenderun's Battlesphe  Conj           0%         2d6       100%        5
 Yara's Violent Unravell  Hex/Tmut       0%         3d3       100%        5
 Bombard                  Conj/Erth      0%         9d1       100%        6
 Dispersal                Tloc           0%         N/A       100%        6
 Plasma Beam              Fire/Air       0%         2x1d10    100%        6
 Starburst                Conj/Fire      0%         6d3       100%        6
 Spellforged Servitor     Conj/Summ      0%         N/A       100%        7


Dungeon Overview and Level Annotations

Branches:
Dungeon (8/15)             Temple (1/1) D:4         Ossuary (visited)
   Lair: D:8-11

Altars:
Elyvilon
Fedhas
Gozag
Kikubaaqudgha
Makhleb
Nemelex Xobeh
Qazlal
Ru
Sif Muna
Trog
Wu Jian
Xom
Zin

Shops:
D:1 [   D:4 *

Annotations:
D:6 Jeremiah


Message History

The gnoll hits you from afar with a +0 spear.
The gnoll hits you from afar with a +0 spear.
The hornet barely misses you. The gnoll closely misses you.
The hornet barely misses you. The gnoll barely misses you.
You climb upwards.
There is a stone staircase leading down here.
You closely miss the hornet. The hornet stings you!
You are poisoned.
You feel yourself slow down. The hornet completely misses you.
You closely miss the hornet.
You feel yourself speed up.
You feel very sick. The hornet closely misses you. The hornet stings you.
You feel yourself slow down. The hornet stings you!
You are more poisoned.
You feel as though you will be slow longer.
You hit the hornet.
The hornet is poisoned.
The hornet is lightly wounded.
You feel very sick. The hornet stings you.
You feel as though you will be slow longer.
The hornet barely misses you. The hornet stings you!
* * * LOW HITPOINT WARNING * * *
You feel as though you will be slow longer.
Okay, then.
Okay, then.
Aiming: Polymorph
Press: ? - help, Shift-Dir - straight line, f - hornet
Aim: a hornet (lightly wounded, very poisoned, will become a tengu, a rime drake, or a fire bat, chance to affect: 39%)
Okay, then.
You closely miss the hornet.
The hornet is lightly wounded.
You feel very sick. The hornet closely misses you.
The hornet barely misses you.
Unknown command.
Okay, then.
You miss the hornet.
The hornet is moderately wounded.
You feel sick. The hornet stings you!
You die...

#......# #....############
#......# #....#.........[#
#......### #...............####
#........# #....#..............
#......#.####....#..[.......####
#####.###.........#..........####
..# #.###.........#..............
..# #...#......[.†#........).####
..# #...........h)#..........#
..###..##......y).....[......#
.......................<.....#
........#####....###.##.#########
..###.#.## ###..................
..###.#..# #####..#.##########
####..#..# ##...# ####### #.##..#
#...####...... ##.##..#
##....#..#####


You could see a hornet (poisoned).

Vanquished Creatures
  Prince Ribbit (D:7)
  Menkaure (D:7)
  A steam dragon (D:6)
  Duvessa (D:4)
  An orc warrior (D:6)
  An ice beast (D:4)
  An ogre (D:5)
  2 centaurs (D:6)
  2 phantoms
  Blork the orc (D:4)
  A kobold brigand (D:6)
  A bullfrog (D:7)
  3 scorpions (D:6)
  Dowan (D:4)
  11 wights
  2 howler monkeys
  2 jellies
  6 hounds
  An orc priest (D:6)
  Crazy Yiuf (D:6)
  3 gnoll boudas
  A sleepcap (D:5)
  4 iguanas
  2 hound zombies (D:4)
  A hound skeleton (D:4)
  8 mummies (Ossuary)
  9 gnolls
  6 adders
  A shadow imp (D:8)
  4 white imps
  3 ufetubi
  3 adder zombies (D:4)
  A worm (D:5)
  2 dart slugs
  6 orcs
  10 bats
  4 endoplasms
  3 giant cockroaches
  A gnoll zombie (Ossuary)
  6 goblins
  8 hobgoblins
  3 quokkas
  9 ball pythons
  3 frilled lizards
  2 hobgoblin zombies (Ossuary)
  A jackal zombie (D:6)
  8 kobolds
  4 kobold zombies
  2 orc zombies (Ossuary)
  6 rats
165 creatures vanquished.

Vanquished Creatures (others)
  2 kobolds (D:6)
2 creatures vanquished.

Grand Total: 167 creatures vanquished

Notes
Turn   | Place    | Note
-------+----------+-------------------------------------------
     0 | D:1      | Shayle the Human Shapeshifter began the quest for the Orb.
     0 | D:1      | Reached XP level 1. HP: 15/15 MP: 1/1
    82 | D:1      | Reached XP level 2. HP: 9/21 MP: 2/2
   170 | D:1      | Found Soikaadi's Antique Armour Shoppe.
   520 | D:1      | Reached XP level 3. HP: 18/26 MP: 3/3
  1054 | D:2      | Reached XP level 4. HP: 23/33 MP: 4/4
  2144 | D:4      | Reached XP level 5. HP: 14/38 MP: 5/5
  2341 | D:4      | Found a staircase to the Ecumenical Temple.
  2350 | Temple   | Entered the Ecumenical Temple
  2427 | D:4      | Noticed Dowan
  2492 | D:4      | Killed Dowan
  2493 | D:4      | Reached XP level 6. HP: 14/46 MP: 6/6
  2511 | D:5      | Entered Level 5 of the Dungeon
  2514 | D:5      | Noticed an ice beast
  2715 | D:4      | Found Atodof's Mayhem Merchandise.
  2723 | D:4      | Bought a wand of iceblast (5) for 132 gold pieces
  2784 | D:4      | Noticed Blork the orc
  2804 | D:4      | Killed Blork the orc
  3084 | D:4      | Reached XP level 7. HP: 39/52 MP: 7/7
  3186 | D:4      | Noticed Duvessa
  3215 | D:4      | Killed Duvessa
  4209 | D:5      | Reached skill level 5 in Unarmed Combat
  4296 | D:5      | Reached XP level 8. HP: 56/60 MP: 8/8
  4460 | D:5      | Found a blossoming altar of Fedhas.
  4547 | D:5      | Found an ornate altar of the Wu Jian Council.
  4786 | D:4      | Reached skill level 5 in Shapeshifting
  4977 | D:5      | Found a sacrificial altar of Ru.
  5136 | D:6      | Reached skill level 5 in Dodging
  5332 | D:6      | Found a sand-covered staircase.
  5346 | Ossuary  | Entered an ossuary
  5615 | Ossuary  | Reached skill level 5 in Fighting
  6017 | D:6      | Reached XP level 9. HP: 60/68 MP: 9/9
  6049 | D:6      | Noticed Jeremiah
  6292 | D:6      | Found a runed translucent door.
  6293 | D:6      | Noticed Crazy Yiuf
  6301 | D:6      | Killed Crazy Yiuf
  7024 | D:7      | Noticed Prince Ribbit
  7031 | D:7      | Found a stormy altar of Qazlal.
  7079 | D:7      | HP: 2/64 [Prince Ribbit (8)]
  7092 | D:7      | Killed Prince Ribbit
  7144 | D:7      | Noticed Menkaure
  7157 | D:7      | Killed Menkaure
  8064 | D:6      | Reached XP level 10. HP: 44/75 MP: 10/10
  8794 | D:7      | Slain by a hornet

Illustrated notes

Levels and vault maps discovered:
D:1:      dpeg_arrival_rooms_a, layout_basic, serial_shops, shop,
          serial_park_tiny_2
D:2:      layout_rooms, serial_glass, glass_columns_b, glass_columns_a,
          due_unseen_surprise, minmay_strange_pillars, minmay_strange_pillars,
          item_on_display_a, minmay_misc_feat_hallway
D:3:      layout_basic, kennysheep_okawaru_gauntlet, hangedman_decor_growths
D:4:      layout_loops_ring, minmay_temple_entry_antechambers, serial_undead,
          serial_undead_b, serial_undead_b, serial_undead_b, serial_undead_b,
          minmay_shop_mayhem, uniq_blork_the_orc, uniq_duvessa
D:5:      layout_gridville, fedhas_altar_4, nicolae_ru_the_path_less_chosen,
          mainiacjoe_overflow_alcove_1
D:6:      layout_basic, enter_ossuary_3, kb_lookout_dungeons_type,
          dk_rats_in_the_wall, uniq_crazy_yiuf_cottage, uniq_jeremiah
D:7:      layout_rooms, overflow_temple_1_default, uniq_menkaure,
          uniq_prince_ribbit1
D:8:      layout_rooms, fiery_altar_vehumet,
          mainiacjoe_overflow_six_doors_small, dk_yredelemnul_ordeal,
          grunt_dithmenos_shadows, dreamdust_gnoll_shepherd
Temple:   hellmonk_temple_beads

Skill      XL: |  1  2  3  4  5  6  7  8  9 10 |
---------------+-------------------------------+-----
Fighting       | 2 3 4 5 6 |  6.8
Dodging        | 3 4 5 6 7 |  7.0
Unarmed Combat | 4 5 6 7 |  7.4
Shapeshifting  | 4 5 6 |  6.9

Action                     |  1- 3 |  4- 6 |  7- 9 | 10-12 || total
---------------------------+-------+-------+-------+-------++-------
  Melee: Unarmed           |    95 |   151 |    42 |       ||   288
         Punch             |       |     6 |     4 |       ||    10
         Rapier            |       |       |   296 |    42 ||   338
         Quarterstaff      |       |       |     4 |       ||     4
  Evoke: Wand              |       |     2 |     3 |       ||     5
    Use: Potion            |       |     3 |    10 |     1 ||    14
         Scroll            |       |       |    23 |     1 ||    24
   Stab: Sleeping          |     2 |     1 |       |       ||     3
 Armour: Animal skin       |    40 |    82 |    25 |       ||   147
         Skin              |       |     9 |    71 |     8 ||    88
         Ring mail         |       |       |   193 |    49 ||   242
  Dodge: Dodged            |    54 |    80 |   227 |    52 ||   413
  Block: Buckler           |       |       |    34 |       ||    34

Table legend: (Time is in decaauts)
 A = Elapsed time spent in this place.
 B = Non-inter-level travel time spent in this place.
 C = Inter-level travel time spent in this place.
 D = Time resting spent in this place.
 E = Time spent auto-exploring this place.
 F = Levels seen in this place.
 G = Mean time per level.
                   A        B        C        D        E       F      G
               +--------+--------+--------+--------+--------+-----+--------+
         Total |   8896 |   8510 |    386 |   2881 |   2859 |  10 |  889.6 |
       Dungeon |   8235 |   7850 |    385 |   2554 |   2858 |   8 | 1029.4 |
        Temple |      1 |      0 |      1 |      0 |      0 |   1 |    1.0 |
       Ossuary |    659 |    659 |      0 |    327 |      1 |   1 |  659.0 |
               +--------+--------+--------+--------+--------+-----+--------+

Top non-repeatable levels by time:
     D:4: 1904 daAuts
     D:6: 1351 daAuts
     D:7: 1228 daAuts
     D:5: 1088 daAuts
     D:3: 966 daAuts
     D:1: 808 daAuts
     D:2: 697 daAuts
 Ossuary: 659 daAuts
     D:8: 190 daAuts
  Temple: 1 daAuts
